 Dungeon Crawl Stone Soup version 0.14-a0-2723-gdc5d926 (webtiles) character file.

191170 4tharraofdagon the Blocker (level 17, -1/149 HPs)
             Began as a Djinni Abyssal Knight on Feb 18, 2014.
             Was a Priest of Lugonu.
             Succumbed to a manticore's barbed spikes
             ... on Level 1 of the Abyss on Feb 19, 2014.
             The game lasted 03:00:25 (24329 turns).

4tharraofdagon the Blocker (Djinni Abyssal Knight) Turns: 24329, Time: 03:00:25

HP  -1/149 (116) AC 24     Str 24      XL: 17   Next: 92%
MP   0/0         EV 17     Int 16      God: Lugonu [***...]
Gold 2266        SH 43     Dex  8      Spells:  3 memorised, 29 levels left

rFire  + + +     SeeInvis .     C - +3 Elemental Staff {rElec rF++ rC++ MR++ AC+5}
rCold  + . .     Clarity  +     X - +3 troll leather armour of Dogma {Str+5 Dex-3}
rNeg   + + +     Conserve .     K - +2 large shield {AC+3}
rPois  .         rCorr    .     e - +2 dwarf helmet {Int+3}
rElec  +         rRot     .     g - +0 cloak
SustAb . .       Spirit   .     y - +0 pair of elf gloves
rMut   .         Warding  .     (boots unavailable)
Saprov . . .     Stasis   .     (no amulet)
MR     +++..                    w - ring of regeneration
                                o - ring of Shaolin {EV+8}

@: flying, very slightly contaminated, extremely resistant to hostile
enchantments, very unstealthy
A: fire immunity, cold vulnerability, claws 1, blurry vision 1, clarity, clumsy
1, magic resistance 1, life protection 3, wild magic 1
a: Stop Flying, Depart the Abyss, Bend Space, Banish, Renounce Religion


You were on level 1 of the Abyss.
You worshipped Lugonu.
Lugonu was most pleased with you.
You were not hungry.

You visited 6 branches of the dungeon, and saw 38 of its levels.
You visited the Abyss 8 times.
You also visited: Bailey.

You collected 9420 gold pieces.
You spent 7154 gold pieces at shops.

Inventory:

Hand weapons
 b - a +10,+5 quarterstaff of crushing
 C - the +3,+3 Elemental Staff (weapon) {rElec rF++ rC++ MR++ AC+5}
   (You bought it in a shop on level 9 of the Dungeon)

   It affects your AC (+5).
   It greatly protects you from fire.
   It greatly protects you from cold.
   It insulates you from electricity.
   It affects your resistance to hostile enchantments.
 S - a +0 blowgun
Armour
 e - a +2 dwarven helmet of intelligence (worn)
 g - a +0 cloak (worn)
 y - a +0 pair of elven gloves (worn)
 I - a +0 orcish helmet of see invisible
 K - a +2 large shield of protection (worn)
 X - the +3 troll leather armour of Dogma (worn) {Str+5 Dex-3}
   (You bought it in a shop on level 4 of the Orcish Mines)

   It affects your strength (+5).
   It affects your dexterity (-3).
Magical devices
 A - a wand of disintegration (11)
 M - a wand of teleportation (2)
 V - a wand of disintegration (13)
Scrolls
 a - 9 scrolls of teleportation
 j - 2 scrolls of fog
 l - 2 scrolls of blinking
 p - a scroll of torment
 v - 2 scrolls of magic mapping
 B - a scroll of summoning
 G - 2 scrolls of identify
 H - 6 scrolls of enchant armour
 Q - 12 scrolls of remove curse
 Z - 2 scrolls of noise
Jewellery
 f - an uncursed ring of magical power
 o - the ring of Shaolin (left hand) {EV+8}
   (You found it on level 4 of the Shoals)

   [ring of evasion]

   It affects your evasion (+8).
 r - a +0,+7 ring of slaying
 t - an uncursed ring of wizardry
 w - a ring of regeneration (right hand)
 D - an uncursed ring of teleportation
 E - the ring "Cleunan" {Ice Hunger rPois Stlth++}
   (You took it off a deep elf mage on level 3 of the Elven Halls)

   [ring of ice]

   It protects you from poison.
   It speeds your metabolism.
   It makes you much more stealthy.
 J - an uncursed ring of sustain abilities
 N - an uncursed ring of protection from magic
Potions
 c - 3 potions of brilliance
 h - a potion of agility
 m - 4 potions of might
 n - 3 potions of speed
 q - 2 potions of lignification
 s - a potion of resistance
 u - 2 potions of restore abilities
 O - a potion of invisibility
 Y - a potion of curing
Books
 i - a book of the Earth

   Spells                             Type                      Level
   Leda's Liquefaction                Hexes/Earth                  4
   Bolt of Magma                      Conjuration/Fire/Earth       5
   Statue Form                        Transmutation/Earth          6
   Iron Shot                          Conjuration/Earth            6
   Shatter                            Earth                        9
 z - a tome of Destruction
 R - a book of Dreams

   Spells                             Type                      Level
   Ensorcelled Hibernation            Hexes/Ice                    2
   Flight                             Charms/Air                   3
   Phase Shift                        Translocation                5
   Shadow Creatures                   Summoning                    5
   Mass Confusion                     Hexes                        6
   Darkness                           Hexes                        7
Magical staves
 d - an uncursed staff of cold
 F - an uncursed staff of cold
Miscellaneous
 k - a sack of spiders
 x - a lamp of fire
 L - a fan of gales
 P - a plain deck of war {the Warp}
 T - a plain deck of changes {Vitrification}
 U - a lamp of fire
 W - a lamp of fire


   Skills:
 + Level 10.7 Fighting
   Level 2.8 Long Blades
 * Level 15.8 Staves
 + Level 12.6 Armour
 - Level 0.8 Dodging
 - Level 16.0 Shields
 - Level 10.0 Spellcasting
 - Level 9.1 Charms
 - Level 10.0 Invocations
 - Level 9.0 Evocations


You had 29 spell levels left.
You knew the following spells:

 Your Spells              Type           Power        Failure   Level  Hunger
a - Regeneration          Chrm/Necr      ####......   22%         3    None
b - Infusion              Chrm           ######       3%          1    None
c - Spectral Weapon       Hex/Chrm       ####....     22%         3    None


Dungeon Overview and Level Annotations

Branches:
Dungeon (16/16)            Temple (0/1) D:4             Orc (4/4) D:12
    Elf (3/3) Orc:4          Lair (8/8) D:9          Shoals (5/5) Lair:4
 Spider (0/5) Lair:3        Slime (0/6) Lair:8       Vaults (0/5) D:15
 Depths (2/6) D:16

Altars:
Ashenzari
Dithmenos
Fedhas
Okawaru
Yredelemnul
Zin
Beogh
Jiyva

Shops:
D:6 [[[*(   D:9 *   D:10 (   D:13 **   Orc:4 ([:*   Elf:3 :   Shoals:5 [
Depths:2 (

Portals:
Hell: Depths:1
Ziggurat: Depths:1
Trove: D:10 (give 2 scrolls of acquirement)

Annotations:
Shoals:5 Ilsuiw
Abyss:1 Nessos
Depths:1 Aizul


Innate Abilities, Weirdness & Mutations

You are immune to all types of fire, even holy and hellish.
You are vulnerable to cold.
You need no food.
You have no legs.
You are immune to negative energy.
You have sharp fingernails.
Your vision is a little blurry.
You possess an exceptional clarity of mind.
You are clumsy. (Dex -2)
You are resistant to hostile enchantments.
Your spells are a little harder to cast, but a little more powerful.


Message History

Use which ability? (? or * to list) To return, you must find a gate leading back.
Level annotation: Nessos You sense a powerful magical force warping space.
You are very lightly contaminated with residual magic.
You can no longer corrupt the fabric of space.
You can no longer gate yourself to the Abyss.
Found a scroll of acquirement.
Read which item? (? for menu, Esc to quit)
Okay, then.
Put on which piece of jewellery? (? for menu, Esc to quit)
You're wearing all the rings you can.
Remove which one? (? for menu, Esc to cancel) < or
o - the ring of Shaolin {EV+8}; > or
r - a +0,+7 ring of slaying You remove your +0,+7 ring of slaying.
w - a ring of regeneration (right hand)
The barbed spikes dig painfully into your body as you move.
* * * LOW HITPOINT WARNING * * *
The barbed spikes dig painfully into your body as you move.
You die...

.#. .....#. .
#....#.. ##.
...?..... .[.≈#
.......#♣
....≈#........≈
..≈..≈#..≈.....
.≈.......≈..≈..#
#@≈.....#.
#.........
#.........
#..........
#...≈≈≈≈...
....≈.≈.≈...
......≈≈≈≈≈≈.
....≈.≈.≈..≈.
...#.≈≈....


There were no monsters in sight!

Vanquished Creatures
  A deep elf master archer (Elf:3)
  A deep elf blademaster (Elf:3)
  Polyphemus (Shoals:2)
  Rupert (Shoals:2)
  3 tentacled starspawn (Abyss:1)
  Wiglaf (Shoals:3)
  Maud (Elf:1)
  8 deep elf sorcerers (Elf:3)
  Gastronok (Lair:3)
  5 deep elf demonologists (Elf:3)
  8 deep elf annihilators (Elf:3)
  3 merfolk javelineers (Shoals:5)
  2 merfolk impalers
  Snorg (Abyss:1)
  A spriggan air mage (Depths:1)
  4 deep elf death magi (Elf:3)
  A vault guard (D:15)
  A fire dragon (Depths:1)
  An ettin (Depths:1)
  A yaktaur captain (D:16)
  A deep elf high priest (Elf:3)
  A siren (Shoals:2)
  3 merfolk aquamancers
  Fannar (Lair:6)
  4 hydras
  Harold (Orc:3)
  3 ogre magi
  Erica (D:13)
  A spriggan skeleton (Depths:1)
  2 satyrs
  A very ugly thing (Depths:1)
  2 orc high priests (Orc:4)
  6 death yaks
  A thrashing horror (Abyss:1)
  2 spectral elves (Elf:3)
  Urug (Abyss:1)
  A soul eater (Abyss:1)
  Nergalle (D:14)
  A hell knight (D:16)
  A centaur warrior (Depths:1)
  A catoblepas (Shoals:2)
  A wretched star (Abyss:1)
  8 deep elf knights
  2 unseen horrors
  4 deep elf summoners
  8 hill giants
  6 sea snakes
  A giant orange brain (Abyss:1)
  2 large abominations
  10 harpies
  7 water nymphs
  4 deep elf conjurers
  Joseph (D:11)
  3 wizards (D:15)
  3 necromancers
  A sixfirhy (Elf:3)
  3 orc knights
  8 manticores
  10 griffons
  The ghost of yokelz the Thaumaturge, an experienced DEFE of Vehumet (D:7)
  2 elf zombies (Elf:3)
  3 orc sorcerers
  A fire giant skeleton (Abyss:1)
  2 octopodes
  13 elephants
  An orange demon (D:11)
  4 cyclopes
  3 spiny frogs
  4 fauns (Shoals:4)
  2 feature mimics
  4 raiju (Abyss:1)
  A smoke demon (Abyss:1)
  2 item mimics
  16 yaktaurs (Depths:1)
  4 mermaids
  5 deep elf priests
  Grinder (D:5)
  6 ancient zymes (Abyss:1)
  3 trolls
  2 yaktaur skeletons (Depths:1)
  2 giant leeches (Lair:8)
  2 hellwings (Abyss:1)
  7 two-headed ogres
  15 merfolk
  3 wind drakes
  Prince Ribbit (Orc:1)
  A boulder beetle (Lair:8)
  A hydra skeleton (D:14)
  3 flying skulls (Abyss:1)
  A deep troll zombie (Depths:1)
  4 snapping turtles
  8 blink frogs
  A wraith (Abyss:1)
  3 air elementals (Depths:1)
  2 basilisks
  A stone giant simulacrum (Depths:1)
  5 water elementals
  4 deep elf magi
  2 vampires
  A trapdoor spider (D:12)
  38 ugly things
  3 elephant slugs
  15 slime creatures
  2 hill giant zombies (D:8)
  20 humans (D:15)
  A wyvern (Lair:5)
  2 shadows
  59 yaks
  3 steam dragons
  11 hippogriffs
  14 sharks
  A fire elemental (D:12)
  7 golden eyes (Abyss:1)
  An elf skeleton (D:16)
  6 vampire mosquitoes
  A hill giant skeleton (D:8)
  9 deep elf fighters
  16 wolves
  5 hungry ghosts
  A soldier ant (D:16)
  7 small abominations
  8 porcupines
  A sky beast (D:15)
  16 orc warriors
  A deep dwarf (D:10)
  A manticore zombie (D:9)
  An ice beast (D:12)
  A black bear (shapeshifter) (Depths:1)
  6 centaurs
  6 giant goldfish
  2 phantoms
  A centaur (shapeshifter) (D:6)
  24 ogres
  A manticore skeleton (D:10)
  Duvessa (D:9)
  A brain worm (D:15)
  10 crocodiles
  A komodo dragon zombie (D:11)
  A big kobold (D:9)
  4 lava worms (D:12)
  13 water moccasins
  4 wargs
  8 giant slugs
  A giant slug zombie (D:16)
  A silver statue (D:11)
  A cyclops zombie (D:16)
  5 agate snails
  A gnoll sergeant (D:12)
  An earth elemental (Abyss:1)
  33 giant frogs
  An eye of draining (D:13)
  20 killer bees
  8 electric eels
  Dowan (D:9)
  A centaur zombie (D:8)
  9 wights
  A basilisk zombie (D:12)
  2 lava snakes (D:12)
  A quasit (Abyss:1)
  5 crimson imps
  4 scorpions
  3 goliath beetles
  A jelly (D:14)
  26 orc wizards
  Crazy Yiuf (D:2)
  9 iguanas
  11 orc priests
  11 big fish
  11 hounds
  6 orange rats (Lair:7)
  A sheep (shapeshifter) (Lair:8)
  13 worker ants
  31 sheep
  A crocodile zombie (D:12)
  18 gnolls
  2 giant centipedes
  13 adders
  A giant mite (Lair:2)
  30 green rats
  An inept feature mimic (D:6)
  A white imp (Abyss:1)
  3 worms
  An ufetubus (Abyss:1)
  2 orc zombies
  A gnoll skeleton (D:4)
  A grey rat (Lair:3)
  4 giant eyeballs
  6 giant geckos
  128 orcs
  5 giant cockroaches
  16 goblins
  24 hobgoblins
  12 jackals
  12 kobolds
  6 quokkas
  A ball python (D:3)
  19 bats
  A giant newt (D:1)
  A giant spore (D:16)
  A hobgoblin zombie (D:6)
  2 kobold skeletons
  A kobold zombie (D:4)
  An orc skeleton (D:8)
  A quokka skeleton (D:4)
  14 rats
  A rat skeleton (D:4)
  4 ballistomycetes (D:16)
  A fungus (Lair:8)
  2 plants
1203 creatures vanquished.

Vanquished Creatures (collateral kills)
  A deep elf conjurer (Elf:3)
  A sixfirhy (Elf:3)
  A black bear (D:12)
3 creatures vanquished.

Vanquished Creatures (others)
  Saint Roka (Orc:4)
  The ghost of mopl the Bringer of Life, a powerful DjHe of Elyvilon (D:15)
  A deep elf demonologist (Elf:3)
  A stone giant (Depths:1)
  3 spectral weapons
  The ghost of Moksha the Martial Artist, a powerful DrMo of Okawaru (Lair:1)
  A deep elf high priest (Elf:3)
  The ghost of Psiweapon the Hoplite, an experienced MiFi of Okawaru (Lair:1)
  An alligator snapping turtle (Shoals:4)
  A very ugly thing (Orc:4)
  A centaur warrior (D:14)
  A spatial maelstrom (Orc:4)
  A deep elf summoner (Elf:1)
  A large abomination (Orc:4)
  A giant orange brain (Orc:4)
  2 orc knights
  A deep elf conjurer (D:10)
  An orc sorcerer (Orc:4)
  2 hill giants
  3 manticores
  A drowned soul (Shoals:2)
  An octopode (D:11)
  9 spiny frogs
  A smoke demon (Orc:4)
  8 komodo dragons
  A raiju (Orc:4)
  A fire vortex (D:12)
  3 fire elementals
  A shark (D:11)
  2 yaks
  2 mottled dragons (D:15)
  A hungry ghost (Orc:4)
  A hill giant skeleton (D:7)
  2 small abominations (Orc:4)
  A giant goldfish (Lair:8)
  16 orc warriors
  A warg (Orc:4)
  A water moccasin (D:9)
  A yak zombie (D:12)
  A killer bee (D:11)
  4 electric eels (D:11)
  4 orc priests (Orc:4)
  A quasit (Orc:4)
  5 orc wizards (Orc:4)
  A shadow imp (Orc:4)
  A white imp (Orc:4)
  3 ufetubi (Orc:4)
  2 orc zombies (Orc:4)
  14 orcs (Orc:4)
  4 fungi
  10 plants
  24 starspawn tentacles
  313 starspawn tentacle segments
  4 tentacles (Shoals:3)
  122 tentacle segments (Shoals:3)
593 creatures vanquished.

Grand Total: 1799 creatures vanquished

Notes
Turn   | Place    | Note
--------------------------------------------------------------
     0 | Abyss:1  | 4tharraofdagon, the Djinni Abyssal Knight, began the quest for the Orb.
     0 | Abyss:1  | Reached XP level 1. HP: 16/16 MP: 0/0
    26 | Abyss:1  | Noticed a raiju
    30 | D:1      | Escaped the Abyss
    57 | D:1      | Acquired Lugonu's first power
   104 | D:1      | Reached XP level 2. EP: 20/22
   196 | D:2      | Noticed Crazy Yiuf
   210 | D:2      | HP: 1/22 [Crazy Yiuf/quarterstaff of chaos (14)]
   219 | D:2      | Killed Crazy Yiuf
   219 | D:2      | Reached skill level 3 in Fighting
   219 | D:2      | Reached XP level 3. EP: 22/29
   393 | D:2      | Reached skill level 1 in Staves
   445 | D:2      | Found a basalt altar of Yredelemnul.
   495 | D:2      | Reached XP level 4. EP: 29/36
   621 | D:2      | Acquired Lugonu's second power
   634 | D:2      | Gained mutation: You possess an exceptional clarity of mind. [potion of beneficial mutation]
   763 | D:3      | Found a blossoming altar of Fedhas.
   763 | D:3      | Found a glowing silver altar of Zin.
   916 | D:4      | Noticed an ogre
   922 | D:4      | Killed an ogre
   922 | D:4      | Reached XP level 5. EP: 42/42
  1059 | D:4      | Found a staircase to the Ecumenical Temple.
  1074 | D:4      | Reached skill level 1 in Spellcasting
  1336 | D:4      | Reached XP level 6. EP: 49/51
  1365 | D:4      | Acquired Lugonu's third power
  1403 | D:4      | Reached skill level 1 in Evocations
  1507 | D:4      | Reached skill level 4 in Fighting
  1520 | D:4      | Learned a level 3 spell: Regeneration
  1522 | D:4      | Learned a level 1 spell: Infusion
  1526 | D:4      | Learned a level 3 spell: Spectral Weapon
  1612 | D:5      | Entered Level 5 of the Dungeon
  1618 | D:5      | Found a shadowy altar of Dithmenos.
  1686 | D:5      | Noticed Grinder
  1697 | D:5      | Killed Grinder
  1697 | D:5      | Reached skill level 1 in Charms
  1697 | D:5      | Reached XP level 7. EP: 47/59
  2114 | D:6      | Found Klageruciwn's Antique Armour Emporium.
  2126 | D:6      | Bought a glowing ring mail for 116 gold pieces
  2163 | D:6      | Acquired Lugonu's fourth power
  2234 | D:6      | Found Guppa's Assorted Antiques.
  2247 | D:6      | Bought a scroll labeled STEDGH ALEVIGU for 28 gold pieces
  2247 | D:6      | Bought a scroll labeled STEDGH ALEVIGU for 28 gold pieces
  2247 | D:6      | Bought a scroll labeled CRUSHYFUPP for 28 gold pieces
  2298 | D:6      | Reached XP level 8. EP: 54/68
  2377 | D:6      | Found Bevuguf's Armour Shop.
  2480 | D:6      | Found Brulotoc's Armour Shoppe.
  2488 | D:6      | Bought a +0 helmet for 39 gold pieces
  2514 | D:6      | Got a fine leather armour
  2552 | D:6      | Reached skill level 5 in Staves
  2724 | D:6      | Found Gamudgh's Weapon Shop.
  2779 | D:6      | Identified the +2 leather armour of Terror {Int+3} (You found it on level 6 of the Dungeon)
  2853 | D:7      | Paralysed by a giant eyeball for 2 turns
  2860 | D:7      | Paralysed by a giant eyeball for 4 turns
  2895 | D:7      | Noticed yokelz's ghost (experienced DEFE)
  2933 | D:7      | Killed yokelz's ghost
  2933 | D:7      | Reached skill level 5 in Fighting
  2933 | D:7      | Reached skill level 5 in Armour
  3042 | D:7      | Acquired Lugonu's fifth power
  3076 | D:7      | Reached skill level 6 in Staves
  3076 | D:7      | Reached XP level 9. EP: 58/79
  3132 | D:7      | Found an iron altar of Okawaru.
  3609 | D:8      | Paralysed by a giant eyeball for 2 turns
  3839 | D:9      | Reached skill level 7 in Staves
  3857 | D:9      | Reached skill level 5 in Evocations
  3961 | D:9      | Found a staircase to the Lair.
  3961 | D:9      | Noticed an elephant
  3994 | D:9      | Killed an elephant
  4069 | D:9      | Found Judaxof's Assorted Antiques.
  4073 | D:9      | Reached XP level 10. EP: 77/89
  4081 | D:9      | Bought a scroll labeled ZIEDEA XAETY for 18 gold pieces
  4081 | D:9      | Bought a scroll labeled LUXYTH IJUDU for 18 gold pieces
  4081 | D:9      | Bought a scroll labeled PUPHAOK IRESKY for 18 gold pieces
  4081 | D:9      | Bought a scroll labeled RIPEHO LUJUOJO for 18 gold pieces
  4081 | D:9      | Bought a scroll labeled ZIEDEA XAETY for 18 gold pieces
  4141 | D:9      | Reached skill level 5 in Spellcasting
  4161 | D:9      | Noticed Dowan
  4162 | D:9      | Noticed Duvessa
  4177 | D:9      | Killed Duvessa
  4206 | D:9      | Killed Dowan
  4356 | D:10     | Entered Level 10 of the Dungeon
  4361 | D:10     | Noticed a hill giant
  4371 | D:10     | Banished a hill giant
  4380 | D:10     | Reached skill level 5 in Invocations
  4526 | D:10     | Reached skill level 8 in Staves
  4601 | D:10     | Found Wiuphul's Antique Weapon Shoppe.
  4686 | D:10     | Noticed a deep elf conjurer
  4687 | D:10     | Banished a deep elf conjurer
  4699 | D:10     | Identified the Grimoire of Shape Shifting
  4788 | D:10     | Found a portal to a secret trove of treasure.
  4999 | D:10     | Found a flagged portal.
  5005 | Bailey   | Entered a bailey
  5159 | Bailey   | Noticed an orc knight
  5161 | Bailey   | Banished an orc knight
  5271 | Bailey   | Got a fine plate armour
  5272 | Bailey   | Identified the +6 plate armour of Duty {Str+2 Dam+4} (You found it in a bailey)
  5439 | D:11     | Reached skill level 5 in Charms
  5557 | D:11     | Noticed Joseph
  5627 | D:11     | Noticed an octopode
  5648 | D:11     | Banished an octopode
  5667 | D:11     | Noticed an octopode
  5678 | D:11     | Killed an octopode
  5748 | D:11     | Reached XP level 11. EP: 89/98
  5808 | D:11     | Killed Joseph
  5808 | D:11     | Reached skill level 9 in Staves
  6286 | D:12     | Found a blossoming altar of Fedhas.
  6296 | D:12     | Noticed a four-headed hydra
  6299 | D:12     | Banished a four-headed hydra
  6522 | D:12     | Found a shattered altar of Ashenzari.
  6579 | D:12     | Noticed a hill giant
  6583 | D:12     | Banished a hill giant
  6788 | D:11     | Noticed Urug
  6825 | D:11     | Banished Urug
  6939 | Lair:1   | Entered Level 1 of the Lair of Beasts
  6939 | Lair:1   | Noticed Psiweapon's ghost (experienced MiFi)
  7160 | Lair:1   | Reached skill level 10 in Staves
  7183 | Lair:1   | Got an ancient flail
  7187 | Lair:1   | Identified the cursed -1,+0 flail "Murmur" {crush, rPois} (You found it on level 1 of the Lair of Beasts)
  7210 | Lair:1   | Noticed Moksha's ghost (powerful DrMo)
  7212 | Lair:1   | Banished Moksha's ghost
  7281 | Lair:1   | Banished Psiweapon's ghost
  7414 | Lair:1   | Reached XP level 12. EP: 105/107
  7687 | Lair:3   | Noticed Gastronok
  7927 | Lair:3   | Found a hole to the Spider Nest.
  8062 | Lair:3   | Killed Gastronok
  8332 | Lair:4   | Found a staircase to the Shoals.
  8597 | Lair:5   | Noticed Snorg
  8600 | Lair:5   | Banished Snorg
  8687 | Lair:5   | Reached skill level 11 in Staves
  8877 | Lair:6   | Gained mutation: Your magical capacity is low (-10% MP). [potion of mutation]
  8877 | Lair:6   | Gained mutation: You have a pair of small horns on your head. [potion of mutation]
  8912 | Lair:5   | Noticed Fannar
  8939 | Lair:6   | Got a glittering granite ring
  9201 | Lair:6   | Reached XP level 13. EP: 106/114
  9650 | Lair:7   | Gained mutation: You have sharp fingernails. [potion of mutation]
  9650 | Lair:7   | Gained mutation: You are resistant to hostile enchantments. [potion of mutation]
  9651 | Lair:7   | Lost mutation: Your magical capacity is low (-10% MP). [potion of mutation]
  9651 | Lair:7   | Lost mutation: You have a pair of small horns on your head. [potion of mutation]
  9651 | Lair:7   | Gained mutation: Your spells are a little harder to cast, but a little more powerful. [potion of mutation]
  9935 | Lair:8   | Entered Level 8 of the Lair of Beasts
  9935 | Lair:8   | Found a viscous altar of Jiyva.
 10073 | Lair:8   | Reached skill level 12 in Staves
 10093 | Lair:8   | Identified the cursed ring of Sunlight {Dex-3 Dam+4} (You found it on level 6 of the Lair of Beasts)
 10421 | Lair:8   | Got a pitted large shield
 10483 | Lair:8   | Upgraded the game from 0.14-a0-2691-g997c442 to 0.14-a0-2723-gdc5d926
 10972 | Lair:8   | Got a smoking scale mail
 11148 | Lair:8   | Found a staircase to the Slime Pits.
 11210 | Lair:6   | Identified the cursed -9 scale mail "Tresazo" {Str-3 Stlth++} (You found it on level 8 of the Lair of Beasts)
 11219 | Lair:6   | Identified the cursed -4 large shield "Khupoycw" {Str+4} (You found it on level 8 of the Lair of Beasts)
 11295 | Lair:6   | Killed Fannar
 11295 | Lair:6   | Reached skill level 10 in Armour
 11319 | Lair:6   | Reached XP level 14. EP: 87/126
 11618 | D:12     | Noticed a hill giant
 11631 | D:12     | Killed a hill giant
 11670 | D:12     | Noticed an unseen horror
 11684 | D:12     | Killed an unseen horror
 11805 | D:13     | Found Jeewku's Assorted Antiques.
 11821 | D:13     | Bought a scroll labeled CRUSHYFUPP for 35 gold pieces
 11961 | D:13     | Found Ecris' Assorted Antiques.
 11968 | D:13     | Bought a glowing green potion for 28 gold pieces
 11968 | D:13     | Bought a shiny dwarven helmet for 96 gold pieces
 11968 | D:13     | Bought a pitted buckler for 240 gold pieces
 11968 | D:13     | Bought a scroll labeled JAPPACYGHU for 32 gold pieces
 11968 | D:13     | Bought a scroll of identify for 64 gold pieces
 11996 | D:13     | Identified the +0 buckler of the Eternal Fruit {Dex+3 Int-3} (You bought it in a shop on level 13 of the Dungeon)
 11997 | D:13     | Noticed Erica
 12009 | D:13     | Killed Erica
 12230 | D:14     | Reached skill level 13 in Staves
 12375 | D:14     | Noticed Nergalle
 12405 | D:14     | Killed Nergalle
 12447 | D:15     | Entered Level 15 of the Dungeon
 12494 | D:15     | Reached skill level 10 in Spellcasting
 12652 | D:15     | Found a gate to the Vaults.
 12766 | D:16     | Entered Level 16 of the Dungeon
 12828 | D:16     | Found a staircase to the Depths.
 13282 | D:16     | Reached skill level 14 in Staves
 13374 | D:15     | Noticed mopl's ghost (powerful DjHe)
 13448 | D:15     | Banished mopl's ghost
 13693 | D:15     | Reached XP level 15. EP: 135/135
 13774 | D:15     | Identified a scroll of acquirement
 13828 | D:15     | Cast into the Abyss (wizard)
 13828 | Abyss:1  | Found a corrupted altar of Lugonu.
 13845 | Abyss:1  | Killed Snorg
 13853 | Abyss:1  | Killed a four-headed hydra
 13909 | Abyss:1  | Noticed a tentacled starspawn
 13917 | Abyss:1  | Killed a tentacled starspawn
 13956 | Abyss:1  | Noticed a bone dragon
 13981 | D:15     | Escaped the Abyss
 14097 | D:14     | Reached skill level 10 in Fighting
 14361 | D:11     | Noticed Nessos
 14363 | D:11     | Banished Nessos
 14461 | D:9      | Bought the +3,+3 Elemental Staff {rElec rF++ rC++ MR++ AC+5} for 1852 gold pieces
 14601 | D:6      | Bought a warped storm dragon armour for 3103 gold pieces
 14603 | D:6      | Identified the +0 storm dragon armour of Defiance {rElec Str-5 Dex-4} (You bought it in a shop on level 6 of the Dungeon)
 15128 | D:12     | Found a staircase to the Orcish Mines.
 15155 | Orc:1    | Entered Level 1 of the Orcish Mines
 15243 | Orc:1    | Noticed Prince Ribbit
 15570 | Orc:3    | Noticed Harold
 15580 | Orc:3    | Killed Harold
 15580 | Orc:3    | Reached skill level 1 in Shields
 15942 | Orc:1    | Killed Prince Ribbit
 15988 | Orc:4    | Entered Level 4 of the Orcish Mines
 16071 | Orc:4    | Found a staircase to the Elven Halls.
 16191 | Orc:2    | Reached skill level 10 in Invocations
 16395 | Orc:4    | Noticed Saint Roka
 16652 | Orc:4    | Corrupted Orc:4
 16652 | Orc:4    | Noticed a tentacled starspawn
 16653 | Orc:4    | Noticed a tentacled starspawn
 16655 | Orc:4    | Noticed a tentacled starspawn
 16664 | Orc:4    | Killed Saint Roka
 16689 | Orc:4    | Noticed a tentacled starspawn
 16754 | Orc:4    | Found a roughly hewn altar of Beogh.
 16758 | Orc:4    | Found Wivepag's Antique Armour Emporium.
 16774 | Orc:4    | Found Yruecosole's Antique Weapon Emporium.
 16791 | Orc:4    | Found Akuuk's Book Emporium.
 16809 | Orc:4    | Found Bahusieh's General Store.
 17005 | Elf:1    | Entered Level 1 of the Elven Halls
 17023 | Elf:1    | Noticed Maud
 17043 | Elf:1    | Killed Maud
 17175 | Elf:3    | Entered Level 3 of the Elven Halls
 17234 | Elf:3    | Found Mog Ohaz's Book Shoppe.
 17399 | Elf:3    | Cast into the Abyss (deep elf sorcerer)
 17533 | Elf:3    | Escaped the Abyss
 17559 | Elf:3    | Reached skill level 15 in Staves
 17562 | Elf:3    | Reached skill level 5 in Shields
 17663 | Elf:3    | Noticed a deep elf master archer
 17677 | Elf:3    | Banished a deep elf master archer
 17821 | Elf:3    | Reached XP level 16. EP: 79/142
 17848 | Elf:3    | Noticed a Hell Sentinel
 17949 | Elf:3    | Got a faintly glowing ivory ring
 18098 | Abyss:1  | Noticed a tentacled starspawn
 18104 | Abyss:1  | Killed a tentacled starspawn
 18231 | Abyss:1  | Noticed a lich
 18275 | Abyss:1  | Reached skill level 10 in Shields
 18278 | Abyss:1  | Noticed a tentacled starspawn
 18300 | Abyss:1  | Killed a tentacled starspawn
 18326 | Abyss:1  | Noticed a tentacled starspawn
 18379 | Elf:3    | Escaped the Abyss
 18382 | Elf:3    | Noticed a Shadow Fiend
 18382 | Elf:3    | Noticed a deep elf blademaster
 18704 | Elf:3    | Killed a deep elf blademaster
 18712 | Elf:3    | Noticed a deep elf master archer
 18758 | Elf:3    | Killed a deep elf master archer
 18957 | Abyss:1  | Killed Urug
 18984 | Abyss:1  | Gained mutation: Your vision is a little blurry. [a cacodemon]
 18985 | Abyss:1  | Gained mutation: You are clumsy. (Dex -2) [a cacodemon]
 18986 | Elf:3    | Escaped the Abyss
 19318 | Elf:3    | Identified Pruebuc's Guide on Contamination
 19399 | Elf:3    | Got a distressingly furry ring mail
 19433 | Elf:3    | Identified the ring "Cleunan" {Ice Hunger rPois Stlth++} (You took it off a deep elf mage on level 3 of the Elven Halls)
 19522 | Elf:2    | Identified the +3 ring mail of Noughts and Crosses {MR++ Acc+4} (You found it on level 3 of the Elven Halls)
 19800 | Orc:4    | Bought a distressingly furry troll leather armour for 1375 gold pieces
 19816 | Orc:4    | Identified the +3 troll leather armour of Dogma {Str+5 Dex-3} (You bought it in a shop on level 4 of the Orcish Mines)
 20002 | Depths:1 | Entered Level 1 of the Depths
 20054 | Depths:1 | Found a gateway to Hell.
 20465 | Depths:1 | Noticed Aizul
 20580 | Depths:2 | Found Ypaorchu's Weapon Shop.
 20580 | Depths:2 | Noticed a tentacled monstrosity
 20778 | Depths:1 | Reached XP level 17. EP: 121/148
 20879 | Depths:1 | Found a gateway to a ziggurat.
 21656 | Shoals:1 | Entered Level 1 of the Shoals
 21857 | Shoals:2 | Noticed Polyphemus
 21894 | Shoals:2 | Reached skill level 15 in Shields
 21990 | Shoals:2 | Noticed Rupert
 22114 | Shoals:2 | Killed Polyphemus
 22199 | Shoals:2 | Killed Rupert
 22410 | Shoals:3 | Noticed Wiglaf
 22471 | Shoals:3 | Killed Wiglaf
 22565 | Shoals:5 | Entered Level 5 of the Shoals
 22565 | Shoals:5 | Found Croxki's Armour Boutique.
 22724 | Shoals:4 | Reached skill level 16 in Shields
 22945 | Shoals:5 | Noticed Ilsuiw
 23043 | Shoals:4 | HP: 4/148 [merfolk/trident (24)]
 23393 | Shoals:4 | Escaped the Abyss
 23615 | Shoals:4 | Cast into the Abyss (faun)
 23615 | Abyss:1  | Found a corrupted altar of Lugonu.
 23821 | Shoals:4 | Escaped the Abyss
 24328 | Abyss:1  | HP: 3/149 [barbs]
 24329 | Abyss:1  | Succumbed to a manticore's barbed spikes

Action                   |  1- 3 |  4- 6 |  7- 9 | 10-12 | 13-15 | 16-18 || total
-------------------------+-------+-------+-------+-------+-------+-------++-------
Melee: Falchion          |    37 |       |       |       |       |       ||    37
       Quarterstaff      |    31 |   151 |   420 |  1172 |  1342 |       ||  3116
       Staff             |       |       |       |       |   576 |  1359 ||  1935
 Fire: Blowgun           |       |       |       |     1 |       |       ||     1
 Cast: Regeneration      |       |       |       |     2 |       |    62 ||    64
       Infusion          |       |       |       |     2 |       |    15 ||    17
       Spectral Weapon   |       |       |       |       |       |     4 ||     4
Invok: Depart the Abyss  |     1 |       |       |       |     1 |     2 ||     4
       Banish            |       |       |     4 |    41 |    27 |     7 ||    79
       Corrupt           |       |       |       |       |     1 |       ||     1
       Enter the Abyss   |       |       |       |       |       |     4 ||     4
Evoke: Wand              |     1 |    11 |     3 |     4 |     3 |     9 ||    31
       Lamp of fire      |       |       |       |       |       |     4 ||     4
       Fan of gales      |       |       |       |       |       |     1 ||     1
  Use: Scroll            |     2 |     6 |     3 |    18 |    21 |    19 ||    69
       Potion            |     2 |     1 |       |     7 |     4 |    14 ||    28
 Stab: Confused          |       |     2 |     1 |     7 |     2 |       ||    12
       Paralysed         |       |     1 |     6 |    26 |     7 |       ||    40
       Petrifying        |       |     2 |     2 |     2 |     2 |       ||     8
       Petrified         |       |       |       |     1 |       |       ||     1
       Invisible         |       |       |       |       |       |     1 ||     1
       Distracted        |       |       |       |       |       |     1 ||     1
       Fleeing           |       |       |       |       |       |     1 ||     1
